 Dungeon Crawl Stone Soup version 0.22-a0-455-ga0624bf (webtiles) character file.

172 pk666 the Magician (level 5, -3/28 HPs)
             Began as a Deep Elf Fire Elementalist on June 5, 2018.
             Killed from afar by Sigmund (13 damage)
             ... with a puff of flame
             ... on level 2 of the Dungeon.
             The game lasted 00:05:53 (1784 turns).

pk666 the Magician (Deep Elf Fire Elementalist)     Turns: 1784, Time: 00:05:53

Health: -3/28      AC:  3    Str:  5    XL:     5   Next: 27%
Magic:  1/13       EV: 13    Int: 21    God:
Gold:   90         SH:  0    Dex: 15    Spells: 5/13 levels left

rFire    . . .     SeeInvis .   (no weapon)
rCold    . . .     Gourm    .   (no shield)
rNeg     . . .     Faith    .   a - +0 robe
rPois    .         Spirit   .   (no helmet)
rElec    .         Reflect  .   (no cloak)
rCorr    .         Harm     .   h - +0 pair of gloves (curse)
MR       .....                  (no boots)
Stlth    ++........             (no amulet)
HPRegen  0.09/turn              (no ring)
MPRegen  0.13/turn              (no ring)

@: no status effects
A: no striking features
a: no special abilities


You were on level 2 of the Dungeon.
You were hungry.

You visited 1 branch of the dungeon, and saw 2 of its levels.

You collected 90 gold pieces.

Inventory:

Armour
 a - a +0 robe (worn)
 h - a cursed +0 pair of gloves (worn)
Scrolls
 b - a scroll of random uselessness {unknown}
 e - 2 scrolls of fog {unknown}
 g - 3 scrolls of identify {unknown}
 j - 2 scrolls of blinking {unknown}
 k - a scroll of immolation {unknown}
 l - 2 scrolls of remove curse {unknown}
 o - a scroll of enchant weapon {unknown}
Potions
 d - a potion of ambrosia {unknown}
 f - a potion of mutation {unknown}
 i - 2 potions of haste {unknown}
 m - a potion of lignification {unknown}
 n - a potion of agility {unknown}
Comestibles
 c - 3 rations
 p - a chunk of flesh


   Skills:
 - Level 2.4 Dodging
 - Level 2.4 Stealth
 + Level 4.5 Spellcasting
 * Level 4.1 Conjurations
 + Level 4.3 Fire Magic


You had 5 spell levels left.
You knew the following spells:

 Your Spells              Type           Power        Failure   Level  Hunger
a - Flame Tongue          Conj/Fire      ###..        1%          1    None
b - Sticky Flame          Conj/Fire      ###.....     21%         4    ####...
c - Conjure Flame         Conj/Fire      ###.....     6%          3    ##.....

Your spell library contained the following spells:

 Spells                   Type           Power        Failure   Level  Hunger
 Fireball                 Conj/Fire      ###.......   50%         5    ######.
 Throw Flame              Conj/Fire      ###...       3%          2    #......
 Inner Flame              Hex/Fire       ##......     14%         3    ##.....


Dungeon Overview and Level Annotations

Branches:
Dungeon (2/15)

Altars:

Annotations:
D:2 Sigmund


Message History

[Y]es or [N]o only, please.
Really walk into that cloud of flame?
Okay, then.
Unknown command.
Casting: Flame Tongue (safe; 1% risk of failure)
Confirm with . or Enter, or press ? or * to list all spells.
You don't know that spell.
Casting: Flame Tongue (safe; 1% risk of failure)
Confirm with . or Enter, or press ? or * to list all spells.
Aiming: Flame Tongue (safe; 1% risk of failure)
Press: ? - help, Shift-Dir - straight line Something hits you.
Casting: Flame Tongue (safe; 1% risk of failure)
Confirm with . or Enter, or press ? or * to list all spells.
Aiming: Flame Tongue (safe; 1% risk of failure)
Press: ? - help, Shift-Dir - straight line The flame tongue hits something.
A puff of flame appears from out of thin air!
The puff of flame hits you!
You die...

...# #.).# #. ...###### #...###.
........## #.......
<..####..###### #....... ...#
##......# #....... ...#######...<#
###...###. ..............#
##.....# #.
........###...#########......###.
#.#####........(@....ยง{..........
..###...............##.##.)......
......######........##.##....)...
....### #........##.##....###.
.#.#########).............#..# #.
..........##.................###.
##..#####.#............###.......
#...# ##.......##...### #.......
##..###.....##.....## #.......


There were no monsters in sight!

Vanquished Creatures
  Natasha (thrice) (D:2)
  Terence (D:2)
  2 adders (D:2)
  An ooze (D:1)
  2 dart slugs (D:2)
  A leopard gecko (D:2)
  A ball python (D:2)
  2 giant cockroaches (D:1)
  9 goblins
  5 hobgoblins (D:1)
  6 bats
  8 kobolds
  7 rats
48 creatures vanquished.

Notes
Turn   | Place    | Note
-------+----------+-------------------------------------------
     0 | D:1      | pk666 the Deep Elf Fire Elementalist began the quest for the Orb.
     0 | D:1      | Reached XP level 1. HP: 10/10 MP: 6/6
   161 | D:1      | Reached XP level 2. HP: 14/15 MP: 2/8
   682 | D:1      | Reached XP level 3. HP: 19/19 MP: 8/10
  1254 | D:2      | Noticed Natasha
  1257 | D:2      | Reached XP level 4. HP: 24/24 MP: 7/11
  1262 | D:2      | Killed Natasha
  1351 | D:2      | Noticed Sigmund
  1395 | D:2      | Noticed Natasha
  1404 | D:2      | Killed Natasha
  1424 | D:2      | Noticed Natasha
  1432 | D:2      | Killed Natasha
  1432 | D:2      | Reached XP level 5. HP: 17/28 MP: 4/13
  1549 | D:2      | Learned a level 4 spell: Sticky Flame
  1553 | D:2      | Learned a level 3 spell: Conjure Flame
  1629 | D:2      | Noticed Terence
  1657 | D:2      | Killed Terence
  1784 | D:2      | Killed from afar by Sigmund

Vault maps used:
D:1:      shiori_arrival_oz
D:2:      kennysheep_boxes, uniq_natasha, uniq_terence, uniq_sigmund

Skill      XL: |  1  2  3  4  5 |
---------------+----------------+-----
Conjurations   | 2 3 4 |  4.1
Spellcasting   | 4 |  4.5
Fire Magic     | 4 |  4.3
Dodging        | |  2.4
Stealth        | |  2.4

Action                   |  1- 3 |  4- 6 || total
-------------------------+-------+-------++-------
Melee: Unarmed           |     1 |       ||     1
 Cast: Flame Tongue      |    65 |    41 ||   106
       Conjure Flame     |       |     2 ||     2
  Eat: Chunk             |     1 |     1 ||     2
Armor: Robe              |     1 |     3 ||     4
Dodge: Dodged            |    17 |    11 ||    28

Table legend:
 A = Spawn XP
 B = Non-spawn XP
 C = Spawn XP percentage of total XP
 D = Spawn monster count
 E = Non-spawn monster count
 F = Spawn count percentage of total count
 G = Total turns spent on level
                    A         B        C        D         E        F      G
               +---------+---------+-------+---------+---------+-------+---------
         Total |       0 |     246 |   0.0 |       0 |      48 |   0.0 |  1784
               +---------+---------+-------+---------+---------+-------+---------
           D:1 |       0 |      44 |   0.0 |       0 |      24 |   0.0 |   897
           D:2 |       0 |     202 |   0.0 |       0 |      24 |   0.0 |   887
               +---------+---------+-------+---------+---------+-------+---------
